 Dungeon Crawl Stone Soup version 0.29.0-4-gdea44cf6ec (webtiles) character file.

Game seed: 14844579029722924187

361 qw the Sneak (level 6, -5/37 HPs)
             Began as a Gargoyle Delver on Sept 10, 2022.
             Was an Initiate of Okawaru.
             Slain by a gnoll bouda
             ... wielding a +0 club
              (9 damage)
             ... on level 5 of the Dungeon.
             The game lasted 00:01:24 (4839 turns).

qw the Sneak (Gargoyle Delver)                      Turns: 4839, Time: 00:01:24

Health: -5/37      AC: 15    Str: 23    XL:     6   Next: 66%
Magic:  15/15      EV:  7    Int: 11    God:    Okawaru [......]
Gold:   184        SH:  9    Dex: 11    Spells: 5/5 levels left

rFire   . . .      SeeInvis +   Y - +1 war axe
rCold   + . .      Faith    .   a - +0 kite shield
rNeg    + . .      Spirit   .   b - +0 chain mail
rPois   inf        Reflect  .   (no helmet)
rElec   +          Harm     .   (no cloak)
rCorr   .          Rampage  .   s - +1 pair of gloves
Will    .....                   (no boots)
Stlth   +.........              (no amulet)
HPRegen 0.12/turn               p - +6 ring of strength
MPRegen 0.14/turn               m - ring of Mevoulun {rC+ MP+9 SInv}

@: no status effects
A: sickness immunity, AC +4, negative energy resistance 1, electricity
resistance, torment resistance 1, petrification resistance, see invisible,
sturdy frame 1
a: Renounce Religion


You were on level 5 of the Dungeon.
You worshipped Okawaru.
Okawaru was noncommittal.
You visited 2 branches of the dungeon, and saw 6 of its levels.

You collected 236 gold pieces.
You spent 52 gold pieces at shops.


Innate Abilities, Weirdness & Mutations

You are immune to sickness and miasma.
Your stone body is resilient. (AC +4)
You are immune to poison.
You resist negative energy. (rN+)
You are resistant to electric shocks. (rElec)
You are resistant to unholy torment.
You are immune to petrification.
You have supernaturally acute eyesight. (SInv)
Your movements are slightly less encumbered by armour. (ER -2)


   Skills:
 - Level 3.2 Fighting
 + Level 4.0 Axes
 - Level 2.0 Armour
 - Level 1.5 Dodging
 - Level 5.4 Stealth
 - Level 5.0 Shields


You had 5 spell levels left.
You didn't know any spells.
Your spell library was empty.

Inventory:

Hand Weapons
 d - a +0 flail
 Y - a +1 war axe (weapon)
Missiles
 i - 6 boomerangs (quivered)
Armour
 a - a +0 kite shield (worn)
 b - a +0 chain mail (worn)
 s - a +1 pair of gloves (worn)
Jewellery
 m - the ring of Mevoulun (right hand) {rC+ MP+9 SInv}
   (You took it off a goblin on level 2 of the Dungeon)

   [ring of magical power]

   rC:        It protects you from cold.
   MP:        It affects your magic capacity (+9).
   SInv:      It lets you see invisible.
 n - a ring of protection from fire
 p - a +6 ring of strength (left hand)
Wands
 g - a wand of digging (3)
Scrolls
 h - 6 scrolls of identify
Potions
 c - 3 potions of curing
 e - 2 potions of resistance
 f - a potion of haste

Dungeon Overview and Level Annotations

Branches:
Dungeon (5/15)             Temple (1/1) D:4

Altars:
Ashenzari
Cheibriados
Fedhas
Hepliaklqana
Kikubaaqudgha
Okawaru
Qazlal
Ru
Sif Muna
Uskayaw
Vehumet
Yredelemnul
Zin
The Shining One

Shops:
D:2 [(?:(


Message History

The gnoll barely misses you. x2
A gnoll comes into view. It is wielding a +0 hand axe.
A gnoll bouda comes into view. It is wielding a +0 club.
You closely miss the gnoll.
The gnoll is almost dead.
The gnoll bouda shouts!
The gnoll hits you with a +0 halberd.
You slash the gnoll!
You kill the gnoll!
Okawaru accepts your kill.
The gnoll throws a throwing net.
You block the throwing net.
You slash the gnoll!
You kill the gnoll!
Okawaru accepts your kill.
Your Shields skill increases to level 5!
You closely miss the gnoll. The gnoll hits you but does no damage.
The gnoll hits you with a +0 club.
The gnoll bouda barks out a call to the hunt!
The gnolls pick up the pace!
You hear a shout! x2
You barely miss the gnoll.
A gnoll comes into view. It is wielding a +0 halberd.
A gnoll comes into view. It is wielding a +0 flail.
You closely miss the gnoll bouda.
A gnoll comes into view. It is wielding a +0 halberd.
You block the gnoll bouda's attack.
You slash the gnoll bouda!
The gnoll bouda is moderately wounded.
The gnoll bouda barely misses you.
You barely miss the gnoll bouda.
The gnoll bouda is moderately wounded.
The gnoll bouda hits you but does no damage.
The gnoll bouda hits you with a +0 club!
You hit the gnoll bouda.
The gnoll bouda is moderately wounded.
The gnoll bouda hits you but does no damage.
You slash the gnoll bouda!
The gnoll bouda is almost dead.
The gnoll bouda hits you with a +0 club!
You die...

#.# #.#
........)
#.#
..7....
#.#
7)..7.7
#.# .....
#.##


7ggg7 #..## ggg ##..## 7g7 ##..##7@7 ##..##)# ##..).# ###### You could see a
gnoll bouda and 6 gnolls.

Vanquished Creatures
  A jelly (D:5)
  A gnoll bouda (D:3)
  2 orc wizards
  12 gnolls
  4 adders
  An ufetubus (D:4)
  3 worms
  11 orcs
  10 ball pythons
  6 endoplasms
  3 giant cockroaches
  2 hobgoblins (D:2)
  8 kobolds
  3 quokkas
  7 bats
  4 frilled lizards
  6 goblins
  4 rats
88 creatures vanquished.

Notes
Turn   | Place    | Note
-------+----------+-------------------------------------------
     0 | D:5      | qw the Gargoyle Delver began the quest for the Orb.
     0 | D:5      | Reached XP level 1. HP: 14/14 MP: 1/1
     0 | D:5      | 0 ||| qw: Version: 0.1-a-116-g5d60599
     0 | D:5      | 0 ||| qw: Game counter: 8641
     0 | D:5      | 0 ||| qw: Always use a shield: true
     0 | D:5      | 0 ||| qw: God list: Okawaru
     0 | D:5      | 0 ||| qw: Allow faded altars: false
     0 | D:5      | 0 ||| qw: Do Orc after D:15 true
     0 | D:5      | 0 ||| qw: Do second Lair branch before Depths: true
     0 | D:5      | 0 ||| qw: Lair rune preference: random
     0 | D:5      | 0 ||| qw: Plans: Normal
     0 | D:5      | 0 ||| PLANNING D:1-11
    27 | D:5      | Noticed a jelly
    41 | D:5      | HP: 1/14 [acid (3)]
    42 | D:5      | Killed a jelly
    43 | D:5      | Reached skill level 3 in Axes
    43 | D:5      | Reached XP level 2. HP: 2/19 MP: 2/2
    43 | D:5      | Reached XP level 3. HP: 2/23 MP: 3/3
   333 | D:5      | 333 ||| READING scroll labelled GOATUI WEZ HESM.
   334 | D:5      | 334 ||| DROPPING scroll of fog.
   335 | D:5      | 335 ||| DROPPING scroll of magic mapping.
   336 | D:5      | 336 ||| DROPPING scroll of fear.
   634 | D:4      | Found a staircase to the Ecumenical Temple.
   635 | D:4      | 635 ||| PLANNING TEMPLE
   635 | D:4      | 635 ||| UPGRADING to +0 kite shield.
   650 | Temple   | Entered the Ecumenical Temple
   720 | Temple   | 720 ||| PLANNING D:1-11
   748 | Temple   | Became a worshipper of Warmaster Okawaru
   848 | D:3      | 848 ||| Stepping ~*~*~tactically~*~*~ (stealth).
   856 | D:3      | Reached skill level 1 in Shields
   944 | D:3      | 944 ||| Stepping ~*~*~tactically~*~*~ (stealth).
   979 | D:3      | 979 ||| Stepping ~*~*~tactically~*~*~ (stealth).
  1020 | D:3      | 1020 ||| UPGRADING to ring of protection from fire.
  1021 | D:3      | 1021 ||| READING 2 scrolls labelled OKEQUA LADI.
  1022 | D:3      | 1022 ||| READING scroll labelled JIUCZI BOOMNOM.
  1043 | D:2      | Found Syzu's Book Emporium.
  1044 | D:2      | Found Moac's Magic Scroll Shop.
  1058 | D:2      | 1058 ||| SHOPLISTING 3 scrolls of identify (78 gold, have
                  | 74).
  1058 | D:2      | 1058 ||| SHOPLISTING scroll of enchant weapon (97 gold,
                  | have 74).
  1058 | D:2      | 1058 ||| BUYING scroll of identify (26 gold).
  1058 | D:2      | Bought a scroll of identify for 26 gold pieces
  1058 | D:2      | 1058 ||| BUYING scroll of identify (26 gold).
  1058 | D:2      | Bought a scroll of identify for 26 gold pieces
  1075 | D:2      | 1075 ||| SWAPPING to +0 war axe.
  1076 | D:2      | 1076 ||| DROPPING +0 hand axe.
  1081 | D:2      | Reached XP level 4. HP: 28/28 MP: 4/4
  1092 | D:2      | Found Taotiuss's Antique Weapon Emporium.
  1095 | D:2      | 1095 ||| SHOPLISTING flail (108 gold, have 22).
  1142 | D:2      | 1142 ||| Stepping ~*~*~tactically~*~*~ (stealth).
  1204 | D:2      | 1204 ||| Stepping ~*~*~tactically~*~*~ (stealth).
  1205 | D:2      | 1205 ||| Stepping ~*~*~tactically~*~*~ (stealth).
  1206 | D:2      | 1206 ||| Stepping ~*~*~tactically~*~*~ (stealth).
  1207 | D:2      | 1207 ||| Stepping ~*~*~tactically~*~*~ (stealth).
  1251 | D:2      | Found Pogafoeqoun's Weapon Emporium.
  1254 | D:2      | 1254 ||| SHOPLISTING +2 war axe of freezing (256 gold, have
                  | 22).
  1259 | D:2      | Identified the ring of Mevoulun {rC+ MP+9 SInv}
  1260 | D:2      | 1260 ||| Stepping ~*~*~tactically~*~*~ (stealth).
  1291 | D:2      | Found a radiant altar of Vehumet.
  1314 | D:2      | 1314 ||| UPGRADING to +0 ring mail.
  1324 | D:2      | 1324 ||| DROPPING +0 leather armour.
  1325 | D:2      | 1325 ||| UPGRADING to ring of Mevoulun {rC+ MP+9 SInv}.
  1326 | D:2      | 1326 ||| READING 4 scrolls of identify.
  1326 | D:2      | 1326 ||| IDENTIFYING bubbling brown potion
  1327 | D:2      | 1327 ||| READING 3 scrolls of identify.
  1327 | D:2      | 1327 ||| IDENTIFYING lumpy yellow potion
  1856 | D:1      | 1856 ||| Stepping ~*~*~tactically~*~*~ (stealth).
  1864 | D:1      | 1864 ||| DROPPING +0 club.
  2145 | D:1      | 2145 ||| UPGRADING to +0 chain mail.
  2155 | D:1      | 2155 ||| DROPPING +0 ring mail.
  2156 | D:1      | 2156 ||| UPGRADING to +6 ring of strength.
  2158 | D:1      | 2158 ||| READING scroll labelled EHEDGH HOLUSO.
  2159 | D:1      | 2159 ||| READING scroll labelled CEDDAHUOSE.
  2160 | D:1      | 2160 ||| READING scroll labelled GICZODDUPN.
  2161 | D:1      | 2161 ||| READING scroll labelled ROASIF MIMAEV.
  2162 | D:1      | 2162 ||| DRINKING 2 fizzy pink potions.
  2361 | D:2      | 2361 ||| Stepping ~*~*~tactically~*~*~ (stealth).
  2405 | D:2      | Reached skill level 1 in Armour
  2425 | D:2      | Found Hoisos's Armour Emporium.
  2432 | D:2      | 2432 ||| Stepping ~*~*~tactically~*~*~ (water).
  2439 | D:2      | 2439 ||| SHOPLISTING +1 plate armour of Trial and Error
                  | {Dex+4} (477 gold, have 118).
  2439 | D:2      | 2439 ||| SHOPLISTING +2 plate armour of cold resistance
                  | (440 gold, have 118).
  2606 | D:2      | Found a faded altar of an unknown god.
  2613 | D:2      | Reached XP level 5. HP: 32/32 MP: 5/5
  2685 | D:2      | 2685 ||| UPGRADING to +0 pair of gloves.
  2690 | D:2      | 2690 ||| READING scroll of enchant armour.
  2690 | D:2      | 2690 ||| ENCHANTING +0 pair of gloves.
  2691 | D:2      | 2691 ||| READING scroll labelled KUDGHU HOCK.
  2692 | D:2      | 2692 ||| READING scroll labelled NOALITHROVI.
  2693 | D:2      | 2693 ||| READING scroll labelled ALU LOYDWENLU.
  2697 | D:2      | 2697 ||| DRINKING 2 murky pink potions.
  2697 | D:2      | Gained mutation: You are frail. (-10% HP) [potion of
                  | mutation]
  2698 | D:2      | 2698 ||| DRINKING potion of mutation.
  2698 | D:2      | Lost mutation: You are frail. (-10% HP) [potion of
                  | mutation]
  2698 | D:2      | Gained mutation: You have supernaturally acute eyesight.
                  | (SInv) [potion of mutation]
  2698 | D:2      | Gained mutation: Your movements are slightly less
                  | encumbered by armour. (ER -2) [potion of mutation]
  2805 | D:3      | Found a basalt altar of Yredelemnul.
  2815 | D:3      | Reached skill level 3 in Shields
  2878 | D:3      | 2878 ||| Stepping ~*~*~tactically~*~*~ (stealth).
  2880 | D:3      | 2880 ||| Stepping ~*~*~tactically~*~*~ (stealth).
  2882 | D:3      | 2882 ||| Stepping ~*~*~tactically~*~*~ (hiding).
  3010 | D:3      | 3010 ||| DROPPING +0 whip.
  3328 | D:3      | 3328 ||| READING scroll labelled IMYWIL CELID.
  3346 | D:4      | 3346 ||| STAIRDANCE
  3396 | D:4      | 3396 ||| STAIRDANCE
  3539 | D:4      | 3539 ||| Stepping ~*~*~tactically~*~*~ (hiding).
  3540 | D:4      | 3540 ||| Stepping ~*~*~tactically~*~*~ (hiding).
  3656 | D:4      | 3656 ||| Stepping ~*~*~tactically~*~*~ (stealth).
  3664 | D:4      | Reached XP level 6. HP: 37/37 MP: 6/6
  4015 | D:4      | 4015 ||| DROPPING +0 whip of flaming.
  4361 | D:4      | Found the +8 demon trident "Rift" {distort, reach+}
  4801 | D:5      | 4801 ||| Stepping ~*~*~tactically~*~*~ (stealth).
  4803 | D:5      | 4803 ||| Stepping ~*~*~tactically~*~*~ (hiding).
  4810 | D:5      | HP: 7/37 [gnoll/+0 spear (5)]
  4811 | D:5      | 4811 ||| DRINKING 3 potions of heal wounds.
  4815 | D:5      | HP: 5/37 [gnoll/+0 halberd (8)]
  4816 | D:5      | 4816 ||| DRINKING 2 potions of heal wounds.
  4820 | D:5      | HP: 7/37 [gnoll/+0 halberd (7)]
  4821 | D:5      | 4821 ||| DRINKING potion of heal wounds.
  4837 | D:5      | HP: 3/37 [gnoll bouda/+0 club (9)]
  4839 | D:5      | Slain by a gnoll bouda

Levels and vault maps discovered:
D:1:      heliophobic_arrival_ceremonial_halls, layout_basic, minmay_cupped
D:2:      kennysheep_big_flooded_room, layout_basic, basic_altar, serial_shops,
          nicolae_shop_behind_doors, nicolae_shop_trees,
          nicolae_shop_behind_doors, nicolae_shop_waterfront, shop,
          hellmonk_ecumenical_altar_inner_sanctum
D:3:      layout_basic, mainiacjoe_overflow_surrounded_room,
          kennysheep_nondescript
D:4:      layout_basic, minmay_temple_entry_crystal_x,
          nicolae_figureground_pulse
D:5:      layout_basic, elyvilon_altar_4, mainiacjoe_overflow_divided_tiny,
          ebering_ghost_gozag, pf_guarded_unrand_woodcutter
Temple:   dshaligram_water_room_temple

Skill      XL: |  1  2  3  4  5  6 |
---------------+-------------------+-----
Axes           | 3 4 |  4.0
Shields        | 1 2 4 5 |  5.0
Armour         | 1 2 |  2.0
Fighting       | |  3.2
Dodging        | |  1.5
Stealth        | |  5.4

Action                   |  1- 3 |  4- 6 || total
-------------------------+-------+-------++-------
Melee: Hand axe          |    46 |       ||    46
       Punch             |     1 |       ||     1
       War axe           |       |   183 ||   183
Throw: Boomerang         |    16 |    38 ||    54
  Use: Scroll            |     3 |    11 ||    14
       Potion            |       |     6 ||     6
Armor: Leather armour    |    19 |     9 ||    28
       Chain mail        |       |    81 ||    81
       Ring mail         |       |     4 ||     4
Dodge: Dodged            |    32 |    66 ||    98
Block: Kite shield       |     1 |    97 ||    98

Table legend:
 A = Non-vault XP
 B = Vault XP
 C = Vault XP percentage of total XP
 D = Non-vault monster count
 E = Vault monster count
 F = Vault count percentage of total count
                 A         B        C        D         E       F
            +---------+---------+-------+---------+---------+-------
      Total |     426 |      90 |  17.4 |      78 |      10 |  11.4
            +---------+---------+-------+---------+---------+-------
        D:1 |      22 |       4 |  15.4 |      14 |       3 |  17.6
        D:2 |      49 |      15 |  23.4 |      20 |       2 |   9.1
        D:3 |     140 |       0 |   0.0 |      19 |       0 |   0.0
        D:4 |     173 |       0 |   0.0 |      24 |       0 |   0.0
        D:5 |      42 |      71 |  62.8 |       1 |       5 |  83.3
            +---------+---------+-------+---------+---------+-------
